 Dungeon Crawl Stone Soup version 0.19.0-16-g73b5abf (console) character file.

11227 Morrissey the Slicer (level 12, -4/73 HPs)
             Began as a Kobold Assassin on Nov 11, 2016.
             Was a Priest of Nemelex Xobeh.
             Killed from afar by a gargoyle (23 damage)
             ... with a stone arrow
             ... on level 10 of the Dungeon.
             The game lasted 00:29:51 (13270 turns).

Morrissey the Slicer (Kobold Assassin)             Turns: 13270, Time: 00:29:52

Health: -4/73      AC:  6    Str:  9    XL:     12   Next: 5%
Magic:  24/24      EV: 24    Int: 12    God:    Nemelex Xobeh [***...]
Gold:   73         SH:  0    Dex: 21    Spells: 0 memorised, 11 levels left

rFire  . . .     SeeInvis .     a - +2 short sword (venom)
rCold  . . .     Gourm    .     p - +0 leather armour {rPois}
rNeg   . . .     Faith    .     (shield restricted)
rPois  +         Spirit   .     (no helmet)
rElec  .         Reflect  .     d - +0 cloak
rCorr  .         Harm     .     s - +0 pair of gloves
MR     .....                    n - +0 pair of boots
Stlth  +++++.....               (no amulet)
                                j - ring of wizardry
                                F - ring of magical power

@: drained
A: carnivore 3
a: Triple Draw, Renounce Religion


You were on level 10 of the Dungeon.
You worshipped Nemelex Xobeh.
Nemelex Xobeh was most pleased with you.
You were very full.

You visited 2 branches of the dungeon, and saw 15 of its levels.
You also visited: Ossuary.

You collected 611 gold pieces.
You spent 538 gold pieces at shops.

Inventory:

Hand Weapons
 a - a +2 short sword of venom (weapon)
 b - a +0 blowgun
Missiles
 e - 72 poisoned needles
 f - 12 curare-tipped needles
Armour
 d - a +0 cloak (worn)
 n - a +0 pair of boots (worn)
 p - a +0 leather armour of poison resistance (worn)
 s - a +0 pair of gloves (worn)
Magical Staves
 u - an uncursed staff of poison
 G - an uncursed staff of energy
Jewellery
 j - a ring of wizardry (right hand)
 t - an uncursed ring of ice
 F - a ring of magical power (left hand)
Wands
 c - a wand of teleportation (0/9)
 z - a wand of flame (0/48)
 M - a wand of random effects (25/48)
 S - a wand of acid (0/15)
Scrolls
 l - 3 scrolls of teleportation {unknown}
 x - 8 scrolls of remove curse
 A - a scroll of random uselessness {unknown}
 C - 2 scrolls of acquirement {unknown}
 E - 2 scrolls of enchant weapon {unknown}
 J - 2 scrolls of fear
 O - 2 scrolls of recharging {unknown}
 Q - a scroll of fog
 R - 3 scrolls of enchant armour {unknown}
 U - a scroll of magic mapping {unknown}
 V - a scroll of amnesia
 W - a scroll of blinking {unknown}
Potions
 h - 4 potions of flight
 k - 3 potions of magic
 o - 4 potions of cure mutation
 q - 2 potions of resistance
 r - 2 potions of brilliance
 v - a potion of invisibility
 w - 3 potions of agility
 B - a potion of mutation
 D - a potion of cancellation
 H - a potion of curing
 I - 3 potions of heal wounds
 L - a potion of might
 P - a potion of haste
Books
 y - a book of Cantrips

   Spells                             Type                      Level
   a - Confusing Touch                Hexes                        1
   b - Animate Skeleton               Necromancy                   1
   c - Summon Small Mammal            Summoning                    1
   d - Apportation                    Translocation                1
Miscellaneous
 K - a plain deck of escape {drawn: 6}
 T - a plain deck of escape
Comestibles
 g - 3 meat rations
 i - 5 beef jerkies
 m - 2 slices of pizza
 N - a royal jelly


   Skills:
 + Level 7.6(7.2) Fighting
 - Level 12.0(11.5) Short Blades
 + Level 7.2(6.8) Throwing
 * Level 11.1(10.7) Dodging
 - Level 10.4(10.0) Stealth
 + Level 4.4(4.0) Invocations
 + Level 5.3(4.9) Evocations


You had 11 spell levels left.
You didn't know any spells.

Dungeon Overview and Level Annotations

Branches:
Dungeon (14/15)            Temple (1/1) D:6            Lair (0/6) D:9
    Orc: D:9-12      Vaults: D:13-14

Altars:
Ashenzari
Cheibriados
Dithmenos
Elyvilon
Fedhas
Gozag
Hepliaklqana
Kikubaaqudgha
Makhleb
Nemelex Xobeh
Okawaru
Qazlal
Ru
Sif Muna
Trog
Uskayaw
Vehumet
Xom
Yredelemnul
Zin
The Shining One
Lugonu

Shops:
D:7 *   D:9 !   D:10 *?*

Annotations:
D:5 exclusion: oklob plant
D:11 Erica


Innate Abilities, Weirdness & Mutations

You are small and have problems with some larger weapons.
You are carnivorous and can eat meat at any time.


Message History

You hit the gargoyle but do no damage.
The gargoyle is heavily damaged.
You hit the gargoyle but do no damage.
The gargoyle is heavily damaged.
The gargoyle hurls a stone arrow at you.
The stone arrow hits you!
* * * LOW HITPOINT WARNING * * *
You hit the gargoyle but do no damage.
The gargoyle is heavily damaged.
You feel much better. The gargoyle closely misses you.
Evoke which item? (* to show all) (? for menu, Esc to quit)
You draw a card...
It is the Tomb.
Walls emerge from the floor!
The gargoyle hurls a stone arrow at you.
The stone arrow hits you!
* * * LOW HITPOINT WARNING * * *
The walls disappear prematurely!
The gargoyle hurls a stone arrow at you.
The stone arrow hits you!
You die...
Your body disappears without a glow.

######.###########
#.# #.###########
######...........#
.................#
#..#############.#
#..#############.#
.................#
................@#
####..........(..#
#............9#
####.............#
.................#
.................#
.###############.#
.########## #.#
...[....... ..#


You could see a gargoyle.

Vanquished Creatures
  Sonja (D:11)
  The ghost of Morrissey the Slicer, a novice KoAs (D:9)
  2 hill giants (D:10)
  A gargoyle (D:10)
  Joseph (D:8)
  The ghost of baghtru the Chopper, an amateur HOFi (D:4)
  A two-headed ogre (D:8)
  Prince Ribbit (D:8)
  Grinder (D:6)
  2 hippogriffs
  A wyvern (D:8)
  3 yaks (D:11)
  A spriggan (D:10)
  4 hungry ghosts
  A water moccasin (D:11)
  A hell hound (D:9)
  5 orc warriors
  2 sky beasts
  5 ice beasts
  6 ogres
  2 necrophages
  3 phantoms
  4 centaurs
  A crocodile (D:7)
  A big kobold (D:10)
  7 bullfrogs
  9 scorpions
  4 wights (D:10)
  10 killer bees
  A bullfrog zombie (D:11)
  4 centaur zombies (Ossuary)
  4 hounds
  A quasit (D:11)
  3 human zombies (Ossuary)
  4 jellies
  A bullfrog skeleton (D:6)
  2 centaur skeletons (D:9)
  3 orc priests
  8 orc wizards
  5 iguanas
  Natasha (thrice) (D:4)
  6 worker ants
  3 big kobold zombies (Ossuary)
  3 ogre zombies (D:9)
  A hound zombie (D:8)
  2 hound skeletons
  3 mummies
  A howler monkey zombie (D:7)
  A worker ant zombie (D:7)
  15 adders
  7 scorpion zombies (Ossuary)
  5 shadow imps
  2 oozes
  2 worms
  4 dart slugs
  2 leopard geckos
  31 orcs
  A ball python (D:3)
  3 bats (D:3)
  7 giant cockroaches
  2 goblins
  7 hobgoblins
  7 kobolds
  5 quokkas
  A frilled lizard (D:1)
  4 gnoll zombies
  2 goblin zombies
  A hobgoblin skeleton (D:9)
  3 hobgoblin zombies
  2 kobold zombies (D:6)
  2 leopard gecko zombies
  An orc skeleton (D:9)
  2 orc zombies
  A quokka zombie (D:5)
  8 rats
268 creatures vanquished.

Vanquished Creatures (collateral kills)
  A hell hound (D:9)
  An ogre zombie (D:9)
  A hobgoblin zombie (D:9)
  2 orc zombies (D:9)
5 creatures vanquished.

Vanquished Creatures (others)
  A bullfrog zombie (D:11)
  An iguana (D:11)
  An ogre zombie (D:9)
  A mummy (Ossuary)
  An orc (D:11)
  2 goblin zombies (D:9)
  A hobgoblin skeleton (D:9)
  3 hobgoblin zombies (D:9)
  A kobold (D:11)
  An orc skeleton (D:9)
  2 orc zombies (D:9)
15 creatures vanquished.

Grand Total: 288 creatures vanquished

Notes
Turn   | Place    | Note
-------+----------+-------------------------------------------
     0 | D:1      | Morrissey the Kobold Assassin began the quest for the Orb.
     0 | D:1      | Reached XP level 1. HP: 12/12 MP: 1/1
   246 | D:1      | Reached XP level 2. HP: 13/18 MP: 2/2
   491 | D:1      | Reached skill level 3 in Short Blades
   850 | D:1      | Reached XP level 3. HP: 22/22 MP: 3/3
  1049 | D:2      | Reached XP level 4. HP: 27/27 MP: 4/4
  1112 | D:2      | Found a sacrificial altar of Ru.
  1433 | D:2      | Reached skill level 4 in Short Blades
  1586 | D:3      | Found a hide-covered altar of Uskayaw.
  1671 | D:3      | Reached XP level 5. HP: 29/32 MP: 5/5
  2037 | D:4      | Noticed Natasha
  2041 | D:4      | Killed Natasha
  2045 | D:4      | Reached XP level 6. HP: 35/36 MP: 6/6
  2062 | D:4      | Found a deep blue altar of Sif Muna.
  2087 | D:4      | Reached skill level 5 in Short Blades
  2092 | D:4      | Noticed Natasha
  2100 | D:4      | Killed Natasha
  2133 | D:4      | Found a hazy altar of Hepliaklqana.
  2289 | D:4      | Found a white marble altar of Elyvilon.
  2355 | D:4      | Noticed Natasha
  2363 | D:4      | Killed Natasha
  2378 | D:4      | Reached XP level 7. HP: 34/41 MP: 7/7
  2409 | D:4      | Reached skill level 5 in Dodging
  2755 | D:4      | Noticed baghtru's ghost (amateur HOFi)
  2774 | D:4      | Killed baghtru's ghost
  2774 | D:4      | Reached skill level 6 in Short Blades
  3633 | D:5      | Entered Level 5 of the Dungeon
  3644 | D:5      | Reached XP level 8. HP: 48/48 MP: 8/8
  3912 | D:5      | Found an ancient bone altar of Kikubaaqudgha.
  4042 | D:5      | Found a blossoming altar of Fedhas.
  4064 | D:5      | Noticed an oklob plant
  4212 | D:5      | Found a basalt altar of Yredelemnul.
  4315 | D:5      | Reached skill level 7 in Short Blades
  4465 | D:6      | Noticed Grinder
  4479 | D:6      | Paralysed by Grinder for 2 turns
  4488 | D:6      | Killed Grinder
  4789 | D:6      | Reached XP level 9. HP: 46/53 MP: 9/9
  4884 | D:6      | Reached skill level 8 in Short Blades
  5087 | D:6      | Found a sand-covered staircase.
  5102 | Ossuary  | Entered an ossuary
  5217 | Ossuary  | Reached skill level 5 in Fighting
  5412 | Ossuary  | Reached skill level 5 in Throwing
  6136 | Ossuary  | Reached skill level 9 in Short Blades
  6292 | D:6      | Found a staircase to the Ecumenical Temple.
  6308 | Temple   | Entered the Ecumenical Temple
  6355 | Temple   | Became a worshipper of Nemelex Xobeh the Trickster
  6660 | D:6      | Received a gift from Nemelex Xobeh
  6772 | D:6      | Found a glowing silver altar of Zin.
  7058 | D:7      | Reached * piety under Nemelex Xobeh
  7281 | D:7      | Found Apous Xutza's General Store.
  7286 | D:7      | Bought a potion of haste for 140 gold pieces
  7286 | D:7      | Bought a scroll of fog for 28 gold pieces
  7307 | D:7      | Reached skill level 1 in Evocations
  7323 | D:7      | Reached XP level 10. HP: 45/60 MP: 10/10
  7617 | D:7      | Reached skill level 1 in Invocations
  7958 | D:8      | Reached skill level 10 in Short Blades
  8328 | D:8      | Found a stormy altar of Qazlal.
  8336 | D:8      | Found a snail-covered altar of Cheibriados.
  8337 | D:8      | Found a shattered altar of Ashenzari.
  8339 | D:8      | Found a bloodstained altar of Trog.
  8340 | D:8      | Found a radiant altar of Vehumet.
  8341 | D:8      | Found a shimmering altar of Xom.
  8440 | D:8      | You fall through a shaft for 3 floors!
  8440 | D:11     | Noticed Erica
  8451 | D:11     | Noticed Sonja
  8454 | D:11     | Killed Sonja
  8484 | D:11     | You fall through a shaft for 3 floors!
  8535 | D:12     | HP: 3/60 [ice beast (14)]
  8853 | D:12     | Noticed a cyclops
  8892 | D:12     | Found a shattered altar of Ashenzari.
  9011 | D:10     | Entered Level 10 of the Dungeon
  9120 | D:9      | Noticed Morrissey's ghost (novice KoAs)
  9147 | D:9      | Reached ** piety under Nemelex Xobeh
  9153 | D:9      | Reached XP level 11. HP: 64/66 MP: 13/13
  9185 | D:9      | Found a staircase to the Lair.
  9514 | D:8      | Received a gift from Nemelex Xobeh
  9629 | D:8      | Noticed Joseph
  9647 | D:8      | Killed Joseph
  9647 | D:8      | Reached skill level 10 in Dodging
  9771 | D:8      | Noticed Prince Ribbit
  9793 | D:8      | Killed Prince Ribbit
  9793 | D:8      | Reached skill level 11 in Short Blades
  9979 | D:9      | Killed Morrissey's ghost
  9979 | D:9      | Reached skill level 10 in Stealth
 10020 | D:9      | Found Lush's Distillery.
 10888 | D:9      | Bought a potion of heal wounds for 65 gold pieces
 10888 | D:9      | Bought a potion of heal wounds for 65 gold pieces
 10888 | D:9      | Bought a potion of berserk rage for 65 gold pieces
 11119 | D:10     | Found Vokh's Magic Scroll Emporium.
 11125 | D:10     | Received a gift from Nemelex Xobeh
 11128 | D:10     | Bought a scroll of fear for 49 gold pieces
 11128 | D:10     | Bought a scroll of noise for 14 gold pieces
 11128 | D:10     | Bought a scroll of amnesia for 49 gold pieces
 11131 | D:10     | Reached *** piety under Nemelex Xobeh
 11139 | D:10     | Noticed a hill giant
 11161 | D:10     | You fall through a shaft for 3 floors!
 12390 | D:10     | Noticed a hill giant
 12469 | D:10     | Killed a hill giant
 12641 | D:10     | Found Qanext's Assorted Antiques.
 12751 | D:10     | Killed a hill giant
 12751 | D:10     | Reached skill level 12 in Short Blades
 12751 | D:10     | Reached skill level 5 in Evocations
 12875 | D:10     | Reached XP level 12. HP: 70/70 MP: 15/15
 13061 | D:10     | Bought a potion of curing for 63 gold pieces
 13101 | D:10     | Found Nuuchezxer's Assorted Antiques.
 13270 | D:10     | Killed from afar by a gargoyle

Skill      XL: |  1  2  3  4  5  6  7  8  9 10 11 |
---------------+----------------------------------+-----
Short Blades   | 3 4 5 6 7 9 10 12 | 12.0
Dodging        | 2 3 4 5 6 8 9 11 | 11.1
Fighting       | 3 4 5 6 7 |  7.6
Stealth        | 6 7 8 9 10 | 10.4
Throwing       | 3 4 5 6 7 |  7.2
Evocations     | 1 3 5 |  5.3
Invocations    | 2 4 |  4.4

Action                   |  1- 3 |  4- 6 |  7- 9 | 10-12 || total
-------------------------+-------+-------+-------+-------++-------
Melee: Dagger            |    60 |    43 |       |       ||   103
       Short sword       |       |   110 |   511 |   761 ||  1382
Evoke: Wand              |       |       |     9 |     7 ||    16
       Deck              |       |       |       |    11 ||    11
  Use: Potion            |       |     2 |     7 |     8 ||    17
       Scroll            |       |       |     9 |       ||     9
 Stab: Sleeping          |     7 |    10 |    21 |    14 ||    52
       Distracted        |       |     4 |       |     2 ||     6
  Eat: Chunk             |     9 |     4 |    16 |    28 ||    57
Armor: Robe              |     8 |    17 |     9 |       ||    34
       Skin              |       |       |     5 |       ||     5
       Leather armour    |       |       |    41 |    83 ||   124
Dodge: Dodged            |    23 |   104 |   303 |   631 ||  1061
